 Dungeon Crawl Stone Soup version 0.32-a0-711-g016ad743e0 (webtiles) character file.

Game seed: 9769988952523842817

68 Doorstop00 the Chopper (level 4, -9/40 HPs)
             Began as a Minotaur Berserker on Mar 15, 2024.
             Was a Believer of Trog.
             Mangled by a gnoll
             ... wielding a +0 halberd
              (12 damage)
             ... on level 2 of the Dungeon.
             The game lasted 00:05:48 (1010 turns).

Doorstop00 the Chopper (Minotaur Berserker)         Turns: 1010, Time: 00:05:49

Health: -9/40      AC:  6    Str: 24    XL:     4   Next: 1%
Magic:  3/3        EV:  9    Int:  4    God:    Trog [**....]
Gold:   20         SH:  5    Dex:  9    Spells: 3/3 levels left

rFire   . . .        a - +0 hand axe
rCold   . . .        (no shield)
rNeg    . . .        c - +0 scale mail
rPois   .            (helmet restricted)
rElec   .            (no cloak)
rCorr   .            (no gloves)
SInv    .            (no boots)
Will    .....        b - amulet of reflection Stlth
                     (no ring)
HPRegen 0.26/turn    (no ring)
MPRegen 0.08/turn

%: reflection
@: no status effects
A: horns 2, retaliatory headbutt
a: Renounce Religion, Berserk, Trog's Hand


You were on level 2 of the Dungeon.
You worshipped Trog.
Trog was pleased with you.
You visited 1 branch of the dungeon, and saw 2 of its levels.

You collected 20 gold pieces.

Inventory:

Hand Weapons
 a - a +0 hand axe (weapon)
Missiles
 g - 4 silver javelins (quivered)
Armour
 c - a +0 scale mail (worn)
Jewellery
 b - an amulet of reflection (around neck)
Potions
 e - a potion of mutation {unknown}
 f - a potion of haste
 h - a potion of heal wounds {unknown}
 i - a potion of lignification {unknown}
 j - a potion of might {unknown}


   Skills:
 * Level 4.2 Fighting
 * Level 5.1 Axes
 * Level 0.6(3.2) Maces & Flails
 * Level 2.7 Armour
 * Level 2.4 Dodging


You had 3 spell levels left.
You didn't know any spells.
Your spell library was empty.

Dungeon Overview and Level Annotations

Branches:
Dungeon (2/15)

Altars:


Innate Abilities, Weirdness & Mutations

You have a pair of horns on your head.
You reflexively headbutt those who attack you in melee.


Message History

The adder is moderately wounded.
You block the gnoll's attack. The adder barely misses you.
You barely miss the adder.
The adder is moderately wounded.
The adder bites you.
You are poisoned.
The adder poisons you!
The gnoll hits you from afar with a +0 halberd!
You slash the adder!
The adder is almost dead.
You feel sick. The adder bites you but does no damage.
The gnoll closely misses you. The adder bites you but does no damage.
You closely miss the adder.
The adder is almost dead.
You feel sick.
The gnoll hits you from afar with a +0 halberd.
The adder bites you but does no damage.
You miss the adder.
The adder is almost dead.
You feel sick.
The gnoll hits you from afar with a +0 halberd.
The adder bites you.
You are more poisoned.
The adder poisons you!
You hit the adder.
You kill the adder!
Trog accepts your kill.
You feel sick.
The gnoll hits you from afar with a +0 halberd!
* * * LOW HITPOINT WARNING * * *
The gnoll closely misses you.
Your Axes skill increases to level 5!
You have reached level 4!
You feel stronger.
It was a potion of curing.
You feel better.
The gnoll hits you from afar with a +0 halberd!
* * * LOW HITPOINT WARNING * * *
The gnoll attacks as it pursues you!
The gnoll hits you from afar with a +0 halberd!
You die...

#..###.#
#.###.######..####
# #.#...#
#.#.##[......#
.###.##..<.# #..#
#.####.##
.....#..g### #..#
#.# #.# #....g..#
#.†###.####.#
#.###...##
#...........#
#.......†#
#.####.######
#######.†#######.#
#.# #...gg.g.@.#
#.# #.##########
#.# #.. #.# ###
#.# ..#


You could see 3 gnolls.

Vanquished Creatures
  2 gnolls
  An adder (D:2)
  2 dart slugs (D:1)
  A ribbon worm (D:2)
  A bat (D:1)
  3 endoplasms (D:1)
  4 giant cockroaches
  6 goblins (D:1)
  A hobgoblin (D:1)
  A kobold (D:1)
  3 quokkas (D:1)
  2 frilled lizards (D:1)
  4 rats
31 creatures vanquished.

Notes
Turn   | Place    | Note
-------+----------+-------------------------------------------
     0 | D:1      | Doorstop00 the Minotaur Berserker began the quest for the
                  | Orb.
     0 | D:1      | Reached XP level 1. HP: 19/19 MP: 0/0
   134 | D:1      | Reached XP level 2. HP: 27/27 MP: 1/1
   215 | D:1      | Reached skill level 4 in Axes
   458 | D:1      | Reached ** piety under Trog
   538 | D:1      | Reached XP level 3. HP: 32/33 MP: 2/2
  1005 | D:2      | HP: 1/33 [gnoll/+0 halberd (11)]
  1006 | D:2      | Reached skill level 5 in Axes
  1006 | D:2      | Reached XP level 4. HP: 1/40 MP: 3/3
  1010 | D:2      | Mangled by a gnoll

Illustrated notes

Levels and vault maps discovered:
D:1:      dpeg_arrival_rooms_c, layout_loops_ring, minmay_unequal
D:2:      layout_loops_ring, nicolae_grassy_gnolls, uniq_natasha, uniq_terence

Skill      XL: |  1  2  3 |
---------------+----------+-----
Axes           | 4 5 |  5.1
Fighting       | 4 |  4.2
Maces & Flails | |  0.6
Armour         | |  2.7
Dodging        | |  2.4

Action                     |  1- 3 |  4- 6 || total
---------------------------+-------+-------++-------
  Melee: Hand axe          |    75 |       ||    75
         Headbutt          |     7 |       ||     7
    Use: Scroll            |     3 |       ||     3
         Potion            |       |     1 ||     1
 Armour: Scale mail        |    53 |     2 ||    55
         Animal skin       |     1 |       ||     1
  Dodge: Dodged            |    39 |       ||    39
  Block: Other             |     5 |       ||     5

Table legend: (Time is in decaauts)
 A = Elapsed time spent in this place.
 B = Non-inter-level travel time spent in this place.
 C = Inter-level travel time spent in this place.
 D = Time resting spent in this place.
 E = Time spent auto-exploring this place.
 F = Levels seen in this place.
 G = Mean time per level.
                   A        B        C        D        E       F      G
               +--------+--------+--------+--------+--------+-----+--------+
         Total |   1016 |   1016 |      0 |     13 |    604 |   2 |  508.0 |
       Dungeon |   1016 |   1016 |      0 |     13 |    604 |   2 |  508.0 |
               +--------+--------+--------+--------+--------+-----+--------+

Top non-repeatable levels by time:
     D:1: 832 daAuts
     D:2: 183 daAuts
